 Dungeon Crawl Stone Soup version 0.27-a0-1081-ge8a0a9c698 (webtiles) character file.

Game seed: 3708170192044676130

726 tardwrangler69 the Spear-Bearer (level 7, -6/55 HPs)
             Began as a Merfolk Gladiator on Apr 25, 2021.
             Was an Initiate of Okawaru.
             Succumbed to a water moccasin's poison
             ... on level 5 of the Dungeon.
             The game lasted 00:04:18 (5844 turns).

tardwrangler69 the Spear-Bearer (Merfolk Gladiator) Turns: 5844, Time: 00:04:19

Health: -6/55      AC:  5    Str: 16    XL:     7   Next: 72%
Magic:  7/7        EV: 14    Int:  8    God:    Okawaru [......]
Gold:   195        SH:  0    Dex: 15    Spells: 6/6 levels left

rFire    . . .     SeeInvis .   l - +4 scythe (flame)
rCold    . . .     Faith    .   (shield currently unavailable)
rNeg     . . .     Spirit   .   b - +0 leather armour
rPois    .         Reflect  .   c - +0 helmet
rElec    .         Harm     +   m - scarf {harm}
rCorr    .         Rampage  .   s - +0 pair of gloves
Will     .....                  (no boots)
Stlth    +.........             (no amulet)
HPRegen  0.18/turn              (no ring)
MPRegen  0.10/turn              (no ring)

@: lethally poisoned (-6 -> -33)
A: (nimble swimmer 2), mertail
a: Renounce Religion


You were on level 5 of the Dungeon.
You worshipped Okawaru.
Okawaru was noncommittal.
You visited 2 branches of the dungeon, and saw 6 of its levels.

You collected 195 gold pieces.

Inventory:

Hand Weapons
 a - a +0 trident
 l - a +4 scythe of flaming (weapon)
Missiles
 d - 3 throwing nets (quivered)
 k - 24 poisoned darts
Armour
 b - a +0 leather armour (worn)
 c - a +0 helmet (worn)
 m - a scarf of harm (worn)
 s - a +0 pair of gloves (worn)
Jewellery
 r - a ring of protection from cold
 u - a ring of protection from fire
Wands
 p - a wand of polymorph (12)
 t - a wand of flame (15)
Scrolls
 e - 3 scrolls of identify {unknown}
 h - 2 scrolls of fear {unknown}
 j - 2 scrolls of teleportation {unknown}
 n - 3 scrolls of magic mapping {unknown}
Potions
 f - a potion of flight {unknown}
 g - a potion of might
 i - a potion of magic
 o - a potion of haste
 q - 2 potions of curing {unknown}


   Skills:
 + Level 4.9 Fighting
 * Level 9.4 Polearms
 - Level 2.0 Throwing
 + Level 6.7 Dodging


You had 6 spell levels left.
You didn't know any spells.
Your spell library contained the following spells:

 Spells                   Type           Power      Damage    Failure   Level
 Magic Dart               Conj           0%         1d3       47%         1
 Summon Small Mammal      Summ           0%         N/A       47%         1
 Blink                    Tloc           N/A        N/A       63%         2
 Call Imp                 Summ           0%         N/A       63%         2
 Searing Ray              Conj           0%         3d3       63%         2
 Slow                     Hex            0%         N/A       63%         2
 Call Canine Familiar     Summ           0%         N/A       85%         3
 Conjure Flame            Conj/Fire      0%         6-21      85%         3
 Dazzling Flash           Conj/Hex       0%         N/A       85%         3
 Mephitic Cloud           Conj/Pois/Air  0%         N/A       85%         3
 Summon Guardian Golem    Hex/Summ       0%         N/A       85%         3
 Fulminant Prism          Conj/Hex       0%         3d6       99%         4
 Iskenderun's Mystic Bla  Conj/Tloc      0%         2d3       99%         4
 Summon Ice Beast         Ice/Summ       0%         N/A       99%         4
 Summon Lightning Spire   Summ/Air       0%         N/A       99%         4


Dungeon Overview and Level Annotations

Branches:
Dungeon (5/15)             Temple (1/1) D:4

Altars:
Ashenzari
Cheibriados
Dithmenos
Elyvilon
Fedhas
Gozag
Hepliaklqana
Kikubaaqudgha
Makhleb
Nemelex Xobeh
Okawaru
Qazlal
Ru
Sif Muna
Trog
Uskayaw
Vehumet
Wu Jian
Xom
Yredelemnul
Zin
The Shining One


Innate Abilities, Weirdness & Mutations

((You are quick and stealthy near water. (Stealth+, EV+, Speed+++)))
Your lower body shifts to a powerful aquatic tail in water.


Message History

You are too injured to fight recklessly!
You are too injured to fight recklessly!
You slice the ogre!! You burn the ogre.
You kill the ogre!
Okawaru accepts your kill.
A phantom is nearby!
A phantom is nearby!
A phantom is nearby!
A phantom is nearby!
You start resting.
A water moccasin comes into view.
The water moccasin hisses angrily.
You slash the water moccasin! You burn the water moccasin!
The water moccasin is almost dead.
The water moccasin bites you. x2
You are poisoned.
The water moccasin poisons you!
You miss the water moccasin.
The water moccasin is almost dead.
You feel very sick. The water moccasin misses you.
The water moccasin closely misses you.
You barely miss the water moccasin.
The water moccasin is almost dead.
You feel very sick. The water moccasin closely misses you.
The water moccasin bites you!
You are lethally poisoned!
The water moccasin poisons you!
You are too injured to fight recklessly!
You miss the water moccasin.
The water moccasin is almost dead.
* * * LOW HITPOINT WARNING * * *
You feel extremely sick. The water moccasin barely misses you.
The water moccasin bites you.
* * * LOW HITPOINT WARNING * * *
The water moccasin bites you!
* * * LOW HITPOINT WARNING * * *
You are more poisoned.
The water moccasin poisons you!
It was a potion of magic.
Magic courses through your body.
You die...

#....# ####....# #.!.....#
....... #)#.....# ......
...#.....# ....>
...###.....####. .........
#.......... .). ...# .
#.....S###
O.##W.####.#....@.#.#.#
W......#..............#
<......#.##...#...#.###
.......#........<.# ..
.......###..####.#########
....$..# #.....#..........
######## ##.##...#########
#......# ###....#.#


You could see a water moccasin.

Vanquished Creatures
  Sigmund (D:3)
  An ogre (D:5)
  A scorpion (D:4)
  A water moccasin skeleton (D:2)
  A bullfrog zombie (D:4)
  A jelly (D:4)
  A hound (D:4)
  An iguana (D:4)
  Robin (D:4)
  4 gnolls
  9 adders
  An ufetubus (D:4)
  2 adder skeletons (D:4)
  3 worms
  6 dart slugs
  2 orcs
  4 bats
  6 endoplasms
  3 giant cockroaches
  7 hobgoblins
  11 jackals
  10 kobolds
  4 quokkas
  7 ball pythons
  5 frilled lizards
  11 goblins
  2 rats (D:3)
106 creatures vanquished.

Notes
Turn   | Place    | Note
-------+----------+-------------------------------------------
     0 | D:1      | tardwrangler69 the Merfolk Gladiator began the quest for
                  | the Orb.
     0 | D:1      | Reached XP level 1. HP: 16/16 MP: 1/1
   128 | D:1      | Found a faded altar of an unknown god.
   215 | D:1      | Reached XP level 2. HP: 17/23 MP: 2/2
   349 | D:1      | Reached skill level 5 in Polearms
   807 | D:1      | Reached XP level 3. HP: 28/28 MP: 3/3
  1452 | D:2      | Reached XP level 4. HP: 34/34 MP: 4/4
  1554 | D:1      | Reached skill level 6 in Polearms
  2335 | D:2      | Reached skill level 5 in Dodging
  2335 | D:2      | Reached XP level 5. HP: 39/41 MP: 5/5
  2797 | D:3      | Found a sparkling altar of Nemelex Xobeh.
  2799 | D:3      | Noticed Sigmund
  2812 | D:3      | Killed Sigmund
  2813 | D:3      | Reached skill level 7 in Polearms
  2813 | D:3      | Reached XP level 6. HP: 27/48 MP: 6/6
  3043 | D:3      | Reached skill level 8 in Polearms
  3860 | D:4      | Reached XP level 7. HP: 54/55 MP: 7/7
  4012 | D:4      | Found a staircase to the Ecumenical Temple.
  4064 | Temple   | Entered the Ecumenical Temple
  4718 | Temple   | Became a worshipper of Warmaster Okawaru
  4973 | D:4      | Noticed Robin
  4996 | D:4      | Reached skill level 9 in Polearms
  4998 | D:4      | Killed Robin
  5562 | D:5      | Entered Level 5 of the Dungeon
  5843 | D:5      | HP: 1/55 [water moccasin (8)]
  5844 | D:5      | Succumbed to a water moccasin's poison

Illustrated notes

Levels and vault maps discovered:
D:1:      minmay_arrival_stone_box, layout_loops_corners,
          hellmonk_ecumenical_altar_pennies_from_heaven
D:2:      layout_loops_ring, chequers_serial_rivers_micro_a,
          minmay_misc_feat_pillars, skrybe_limestone_x,
          minmay_misc_feat_four_crosses, kennysheep_generic_room_6
D:3:      layout_loops_cross, old_standard_altar, serial_rivers,
          chequers_serial_rivers_micro_a, chequers_serial_rivers_room_a,
          chequers_serial_rivers_micro_e, chequers_serial_rivers_small_3,
          chequers_serial_rivers_room_a, amcnicky_mini_pool_small,
          minmay_misc_feat_tower, grunt_ministairs_13, uniq_sigmund
D:4:      layout_loops_ring, temple_hall, uniq_robin
D:5:      layout_basic, st_stairs_5, saegor_snake_ambush
Temple:   nicolae_temple_the_god_donut

Skill      XL: |  1  2  3  4  5  6  7 |
---------------+----------------------+-----
Polearms       | 5 6 7 8 9 |  9.4
Fighting       | 3 4 |  4.9
Dodging        | 5 6 |  6.7
Throwing       | |  2.0

Action                   |  1- 3 |  4- 6 |  7- 9 || total
-------------------------+-------+-------+-------++-------
Melee: Trident           |    90 |    88 |       ||   178
       Scythe            |       |    51 |    68 ||   119
  Use: Potion            |       |     2 |     1 ||     3
 Stab: Sleeping          |     1 |     3 |     1 ||     5
       Distracted        |       |       |     1 ||     1
Armor: Leather armour    |    19 |    30 |    14 ||    63
Dodge: Dodged            |    53 |    97 |    44 ||   194

Table legend: (Time is in decaauts)
 A = Elapsed time spent in this place.
 B = Non-inter-level travel time spent in this place.
 C = Inter-level travel time spent in this place.
 D = Time resting spent in this place.
 E = Time spent auto-exploring this place.
 F = Levels seen in this place.
 G = Mean time per level.
                   A        B        C        D        E       F      G
               +--------+--------+--------+--------+--------+-----+--------+
         Total |   5684 |   5412 |    272 |     84 |   4603 |   6 |  947.3 |
       Dungeon |   5232 |   5006 |    226 |     84 |   4198 |   5 | 1046.4 |
        Temple |    452 |    406 |     46 |      0 |    404 |   1 |  452.0 |
               +--------+--------+--------+--------+--------+-----+--------+

Top non-repeatable levels by time:
     D:1: 1614 daAuts
     D:4: 1236 daAuts
     D:2: 1151 daAuts
     D:3: 1043 daAuts
  Temple: 452 daAuts
     D:5: 187 daAuts
